 Dungeon Crawl Stone Soup version 0.23.2-40-g277498a001 (webtiles) character file.

Game seed: 3832702666719777565

2316 BinkBink the Covered (level 9, -8/68 HPs)
             Began as a Demonspawn Gladiator on Aug 16, 2019.
             Killed by divine providence
             ... invoked by an orc priest
              (14 damage)
             ... on level 7 of the Dungeon.
             The game lasted 00:13:45 (6207 turns).

BinkBink the Covered (Demonspawn Gladiator)         Turns: 6207, Time: 00:13:46

Health: -8/68      AC: 15    Str: 18    XL:     9   Next: 18%
Magic:  9/9        EV:  7    Int:  9    God:
Gold:   281        SH:  0    Dex: 15    Spells: 8/8 levels left

rFire    + . .     SeeInvis +   G - +3 long sword of the Weasel {pain, *Corrode rN+++ MR+ Stlth+}
rCold    . . .     Gourm    .   (no shield)
rNeg     + + +     Faith    .   p - +0 plate armour
rPois    .         Spirit   .   (helmet restricted)
rElec    .         Reflect  .   (no cloak)
rCorr    .         Harm     .   (no gloves)
MR       +....                  v - +0 pair of boots
Stlth    ..........             (no amulet)
HPRegen  0.21/turn              t - ring of see invisible
MPRegen  0.11/turn              o - ring of fire

@: slowed, very slow
A: horns 2, thin metallic scales 1, cold resistance 1, icemail, powered by death
1, freezing cloud immunity
a: no special abilities


You were on level 7 of the Dungeon.
You were not hungry.

You visited 1 branch of the dungeon, and saw 7 of its levels.

You collected 281 gold pieces.

Inventory:

Hand Weapons
 a - the +2 trident of Iwonnelo {pierce, +Rage rPois rN+}
   (You found it on level 7 of the Dungeon)

   It inflicts extra damage upon your enemies.
   It protects you from poison.
   It protects you from negative energy.
   It lets you go berserk.
 i - a +1 whip of venom
 q - a +1 rapier of speed
 u - a +4 hand axe
 G - the +3 long sword of the Weasel (weapon) {pain, *Corrode rN+++ MR+ Stlth+}
   (You found it on level 7 of the Dungeon)

   In the hands of one skilled in necromantic magic, it inflicts extra damage on
   living creatures.
   It renders you almost immune to negative energy.
   It affects your resistance to hostile enchantments.
   It may corrode you when you take damage.
   It makes you more stealthy.
Missiles
 d - 4 throwing nets (quivered)
Armour
 b - a +0 leather armour
 p - a +0 plate armour (worn)
 v - a +0 pair of boots (worn)
Jewellery
 o - a ring of fire (right hand)
 t - a ring of see invisible (left hand)
Wands
 j - a wand of paralysis (9)
 m - a wand of enslavement (4)
Scrolls
 h - 13 scrolls of identify
 k - a scroll of blinking
 l - 3 scrolls of teleportation
 n - 2 scrolls of fear
 w - a scroll of enchant weapon {unknown}
 x - a scroll of enchant armour {unknown}
 y - a scroll of remove curse
 E - a scroll of magic mapping
 F - a scroll of immolation
Potions
 c - a potion of ambrosia {unknown}
 g - a potion of curing
 r - a potion of flight {unknown}
 z - 2 potions of cancellation {unknown}
 A - a potion of berserk rage {unknown}
 B - a potion of mutation {unknown}
 C - a potion of degeneration {unknown}
 D - a potion of might {unknown}
Comestibles
 f - 11 rations


   Skills:
 + Level 5.3 Fighting
 + Level 5.3(5.5) Short Blades
 + Level 1.9(3.9) Long Blades
 + Level 2.5(3.2) Axes
 + Level 3.1(4.3) Maces & Flails
   Level 3.7(4.3) Staves
 + Level 2.0 Throwing
 + Level 5.4 Armour
 + Level 3.7 Dodging
 + Level 1.3 Stealth


You had 8 spell levels left.
You didn't know any spells.
Your spell library contained the following spells:

 Spells                   Type           Power        Failure   Level  Hunger
 Confusing Touch          Hex            #.....       100%        1    ##.....
 Infusion                 Chrm           #...         100%        1    ##.....
 Shroud of Golubria       Chrm/Tloc      #.........   100%        2    ###....
 Song of Slaying          Chrm           #.......     100%        2    ###....
 Confuse                  Hex            #.......     100%        3    ####...
 Gell's Gravitas          Tloc           #.........   100%        3    ####...
 Regeneration             Chrm/Necr      #.........   100%        3    ####...
 Spectral Weapon          Hex/Chrm       #.......     100%        3    ####...
 Petrify                  Tmut/Erth      #.......     100%        4    #####..
 Metabolic Englaciation   Hex/Ice        #.........   100%        5    ######.
 Yara's Violent Unravell  Hex/Tmut       #.........   100%        5    ######.


Dungeon Overview and Level Annotations

Branches:
Dungeon (7/15)             Temple (0/1) D:5

Altars:

Shops:
D:6 (   D:7 =

Annotations:
D:3 2 transporters
D:7 Joseph


Innate Abilities, Weirdness & Mutations

You have a pair of horns on your head.
You are partially covered in thin metallic scales. (AC +2)
Your flesh is cold resistant. (rC+)
A meltable icy envelope protects you from harm. (AC +0)
You regenerate a little health from kills.
You are immune to freezing clouds.


Message History

The orc priest mumbles some strange prayers to Beogh against you.
Beogh smites you!
* * * LOW HITPOINT WARNING * * *
The orc wizard points at you and mumbles some strange words.
The magic dart hits you but does no damage.
The orc priest invokes the aid of Beogh against you.
Beogh smites you!
* * * LOW HITPOINT WARNING * * *
The orc wizard casts a spell.
The orc wizard blinks!
The orc priest miscasts a cantrip.
The orc wizard gestures wildly while chanting.
The orc wizard seems to speed up.
The orc priest mumbles some strange prayers to Beogh against you.
You are unaffected.
The orc wizard mumbles some strange words.
The orc wizard blinks!
The orc priest mumbles some strange prayers to Beogh against you.
Beogh smites you!
You die...

###############
##########
..............#
#.........
..............#
#.........
........>.....#
#........
..............+ #......
. ...####...##.#####
#...# ... ...#
######.##..###...##.....
...#
#....)@...oo...[....
...#
+....†..............
...#
#...................
...#
#...................
...#
#...................
##.#
#########....##.....
.### #....# .....
.#........ ...... .....
.#........


You could see an orc priest and an orc wizard.

Vanquished Creatures
  Eustachio (D:4)
  Menkaure (D:7)
  Edmund (D:4)
  A black bear (D:6)
  A sky beast (D:5)
  3 orc warriors (D:6)
  An ogre (D:7)
  2 centaurs
  3 bullfrogs
  A scorpion (D:5)
  A howler monkey (D:6)
  A crimson imp (D:5)
  2 bullfrog zombies
  2 hounds (D:7)
  5 orc wizards
  5 orc priests
  A centaur skeleton (D:5)
  2 jellies (D:5)
  An iguana (D:7)
  7 worker ants
  A hound skeleton (D:4)
  A hound zombie (D:5)
  A howler monkey zombie (D:6)
  7 adders
  A shadow imp (D:5)
  An ooze (D:2)
  An adder skeleton (D:4)
  3 worms
  2 dart slugs (D:1)
  6 leopard geckos
  16 orcs
  A ball python (D:6)
  2 bats
  3 giant cockroaches
  11 goblins
  12 hobgoblins
  5 jackals
  3 quokkas
  3 frilled lizards
  7 kobolds
  A leopard gecko skeleton (D:4)
  A leopard gecko zombie (D:5)
  13 rats
144 creatures vanquished.

Vanquished Creatures (others)
  2 plants (D:3)
2 creatures vanquished.

Grand Total: 146 creatures vanquished

Notes
Turn   | Place    | Note
-------+----------+-------------------------------------------
     0 | D:1      | BinkBink the Demonspawn Gladiator began the quest for the
                  | Orb.
     0 | D:1      | Reached XP level 1. HP: 16/16 MP: 1/1
   129 | D:1      | Gained mutation: You have a pair of small horns on your
                  | head. [demonic ancestry]
   129 | D:1      | Reached XP level 2. HP: 20/22 MP: 2/2
  1045 | D:2      | Gained mutation: Your flesh is cold resistant. (rC+)
                  | [demonic ancestry]
  1045 | D:2      | Reached XP level 3. HP: 23/27 MP: 3/3
  1564 | D:2      | Reached XP level 4. HP: 33/34 MP: 4/4
  1974 | D:3      | Reached skill level 1 in Maces & Flails
  2483 | D:3      | Found a transporter.
  2484 | D:3      | Found a transporter.
  2648 | D:4      | Reached skill level 1 in Armour
  2648 | D:4      | Gained mutation: You regenerate a little health from kills.
                  | [demonic ancestry]
  2648 | D:4      | Reached XP level 5. HP: 34/39 MP: 5/5
  3105 | D:4      | Noticed Edmund
  3122 | D:4      | Killed Edmund
  3122 | D:4      | Gained mutation: You are partially covered in thin metallic
                  | scales. (AC +2) [demonic ancestry]
  3122 | D:4      | Reached XP level 6. HP: 31/47 MP: 6/6
  3884 | D:4      | Noticed Eustachio
  3941 | D:4      | Killed Eustachio
  3941 | D:4      | Reached skill level 1 in Axes
  3941 | D:4      | Gained mutation: You are immune to freezing clouds.
                  | [demonic ancestry]
  3941 | D:4      | Reached XP level 7. HP: 37/52 MP: 7/7
  4017 | D:5      | Entered Level 5 of the Dungeon
  4127 | D:5      | Found a staircase to the Ecumenical Temple.
  4432 | D:5      | Reached skill level 1 in Short Blades
  4432 | D:5      | Reached skill level 1 in Stealth
  4489 | D:5      | Gained mutation: You have a pair of horns on your head.
                  | [demonic ancestry]
  4489 | D:5      | Reached XP level 8. HP: 44/60 MP: 8/8
  4892 | D:6      | Found Tuthoapp's Antique Weapon Shoppe.
  5184 | D:6      | Reached skill level 5 in Fighting
  5443 | D:6      | Reached skill level 5 in Armour
  5523 | D:7      | Noticed Menkaure
  5523 | D:7      | Noticed Joseph
  5553 | D:7      | Got an ichor-stained long sword
  5555 | D:7      | Identified the +3 long sword of the Weasel {pain, *Corrode
                  | rN+++ MR+ Stlth+} (You found it on level 7 of the Dungeon)
  5584 | D:7      | Reached skill level 5 in Short Blades
  5603 | D:7      | Killed Menkaure
  5603 | D:7      | Gained mutation: A meltable icy envelope protects you from
                  | harm. (AC +0) [demonic ancestry]
  5603 | D:7      | Reached XP level 9. HP: 22/68 MP: 9/9
  5896 | D:7      | Got a fine trident
  5897 | D:7      | Identified the +2 trident of Iwonnelo {pierce, +Rage rPois
                  | rN+} (You found it on level 7 of the Dungeon)
  5900 | D:7      | Found Myfish's Jewellery Shop.
  5979 | D:6      | Reached skill level 1 in Long Blades
  6207 | D:7      | Killed from afar by an orc priest

Skill      XL: |  1  2  3  4  5  6  7  8  9 |
---------------+----------------------------+-----
Staves         | 3 |  3.7
Throwing       | 2 |  2.0
Dodging        | 3 |  3.7
Maces & Flails | 1 2 3 |  3.1
Armour         | 1 2 3 4 5 |  5.4
Fighting       | 3 4 5 |  5.3
Axes           | 1 2 |  2.5
Short Blades   | 1 5 |  5.3
Stealth        | 1 |  1.3
Long Blades    | 1 |  1.9

Action                   |  1- 3 |  4- 6 |  7- 9 || total
-------------------------+-------+-------+-------++-------
Melee: Quarterstaff      |    38 |       |       ||    38
       Whip              |    46 |   102 |       ||   148
       Headbutt          |    12 |    37 |    66 ||   115
       Hand axe          |       |    83 |       ||    83
       Rapier            |       |       |   217 ||   217
       Long sword        |       |       |    58 ||    58
  Use: Potion            |       |     1 |     1 ||     2
       Scroll            |       |     8 |       ||     8
 Stab: Sleeping          |     1 |       |       ||     1
       Distracted        |     1 |       |       ||     1
  Eat: Chunk             |     2 |     6 |     6 ||    14
       Ration            |       |       |     1 ||     1
Armor: Leather armour    |    20 |     9 |       ||    29
       Plate armour      |       |   168 |   169 ||   337
Dodge: Dodged            |    34 |    97 |    77 ||   208
       Rpst.: Long sword |       |       |    11 ||    11
